 Dungeon Crawl Stone Soup version 0.27-a0-1590-g15f69828bf (webtiles) character file.

Game seed: 8699669921809033394

22368 mandarbmax the Spear-Bearer (level 12, -5/97 HPs)
             Began as a Merfolk Gladiator on July 18, 2021.
             Was a Believer of Ashenzari.
             Slain by a wolf spider (7 damage)
             ... in a Gauntlet on July 19, 2021.
             The game lasted 00:36:05 (17883 turns).

mandarbmax the Spear-Bearer (Merfolk Gladiator)    Turns: 17883, Time: 00:36:06

Health: -5/97      AC: 17    Str: 19    XL:     12   Next: 99%
Magic:  7/12       EV:  9    Int:  8    God:    Ashenzari [**....]
Gold:   626        SH:  0    Dex: 15    Spells: 2/11 levels left

rFire    . . .     SeeInvis +   M - +8 bardiche (venom)
rCold    . . .     Faith    .   (shield currently unavailable)
rNeg     . . .     Spirit   .   t - +2 ring mail of the Enigmatic Planets {rPois, Elem, Range} (curse)
rPois    +         Reflect  .   c - +0 helmet "Astral Malaise" {Comp, Elem} (curse)
rElec    .         Harm     .   p - +0 cloak
rCorr    .         Rampage  .   C - +2 pair of gloves {archery}
Will     .....     NoTele   +   h - +0 pair of boots "Augurer of Ashenzari" {Alch, Melee} (curse)
Stlth    +.........             (no amulet)
HPRegen  0.26/turn              j - ring of Apeoromancy {AC+4, Elem, Cun} (curse)
MPRegen  0.13/turn              (no ring)

@: ice-armoured, corroded, held
A: (nimble swimmer 2), mertail
a: Renounce Religion, Shatter the Chains


You were in a Gauntlet.
You worshipped Ashenzari.
Ashenzari was pleased with you.
You visited 2 branches of the dungeon, and saw 15 of its levels.
You also visited: Gauntlet.

You collected 786 gold pieces.
You spent 160 gold pieces at shops.

Inventory:

Hand Weapons
 M - a +8 bardiche of venom (weapon)
Missiles
 d - 4 throwing nets
 m - 41 poisoned darts
 o - 4 boomerangs (quivered)
 y - 7 atropa-tipped darts
 D - 2 curare-tipped darts
Armour
 c - the cursed +0 helmet "Astral Malaise" (worn) {Comp, Elem}

   It has a curse which improves the following skills: Companions: Summonings
   and Necromancy.
   Elements:  Fire Magic, Ice Magic, Air Magic and Earth Magic.
 h - the cursed +0 pair of boots "Augurer of Ashenzari" (worn) {Alch, Melee}
   (You found it on level 3 of the Dungeon)

   It has a curse which improves the following skills: Alchemy: Poison Magic and
   Transmutations.
   Melee Combat: Short Blades, Long Blades, Axes, Maces & Flails, Polearms,
   Staves and Unarmed Combat.
 p - a +0 cloak (worn)
 t - the cursed +2 ring mail of the Enigmatic Planets (worn) {rPois, Elem, Range}
   (You took it off Duvessa on level 5 of the Dungeon)

   It has a curse which improves the following skills: Elements: Fire Magic, Ice
   Magic, Air Magic and Earth Magic.
   Ranged Combat: Slings, Bows, Crossbows and Throwing.
 C - a +2 pair of gloves of archery (worn)
Jewellery
 j - the cursed ring of Apeoromancy (left hand) {AC+4, Elem, Cun}
   (You found it on level 3 of the Dungeon)

   [ring of protection]

   AC:        It affects your AC (+4).
   It has a curse which improves the following skills: Elements: Fire Magic, Ice
   Magic, Air Magic and Earth Magic.
   Cunning:   Dodging and Stealth.
Wands
 f - a wand of mindburst (9)
 n - a wand of flame (25)
 q - a wand of paralysis (9)
 E - a wand of acid (12)
 I - a wand of polymorph (13)
 L - a wand of iceblast (6)
Scrolls
 b - 2 scrolls of holy word
 g - 3 scrolls of amnesia
 i - 2 scrolls of fear
 k - 3 scrolls of teleportation
 s - a scroll of blinking
 u - a scroll of immolation
 x - 4 scrolls of fog
Potions
 a - 2 potions of haste
 e - 2 potions of brilliance
 l - 2 potions of flight
 r - a potion of might
 w - 3 potions of lignification
 z - a potion of mutation
 A - a potion of heal wounds
 B - 2 potions of curing
 H - 2 potions of magic
 J - a potion of ambrosia
 K - a potion of invisibility
Miscellaneous
 v - a phantom mirror


   Skills:
 - Level 10.0 Fighting
 + Level 14.0(15.2) Polearms
 - Level 2.0(3.1) Throwing
 + Level 3.7 Armour
 - Level 13.4(14.6) Dodging
 + Level 7.6(9.1) Summonings
 - Level 6.1(9.2) Ice Magic
 - Level 8.0 Evocations


You had 2 spell levels left.
You knew the following spells:

 Your Spells              Type           Power      Damage    Failure   Level
a - Ozocubu's Armour      Ice            14%        N/A       4%          3
b - Shadow Creatures      Summ           N/A        N/A       95%         6

Your spell library contained the following spells:

 Spells                   Type           Power      Damage    Failure   Level
 Sandblast                Erth           0%         2d4       54%         1
 Passwall                 Tmut/Erth      0%         N/A       69%         2
 Ignite Poison            Fire/Tmut/Pois 0%         N/A       89%         3
 Mephitic Cloud           Conj/Pois/Air  0%         N/A       90%         3
 Metabolic Englaciation   Hex/Ice        3%         N/A       97%         5
 Summon Forest            Summ/Tloc      3%         N/A       97%         5
 Summon Mana Viper        Hex/Summ       7%         N/A       97%         5
 Fulminant Prism          Conj/Hex       0%         3d6       100%        4
 Iskenderun's Mystic Bla  Conj/Tloc      0%         2d3       100%        4
 Bolt of Magma            Conj/Fire/Erth 0%         4d4       100%        5
 Fireball                 Conj/Fire      0%         3d3       100%        5
 Iskenderun's Battlesphe  Conj           0%         2d6       100%        5
 Lee's Rapid Deconstruct  Erth           0%         3d5*      100%        5
 Conjure Ball Lightning   Conj/Air       0%         3x3d6     100%        6
 Simulacrum               Ice/Necr       3%         N/A       100%        6
 Orb of Destruction       Conj           0%         N/A       100%        7


Dungeon Overview and Level Annotations

Branches:
Dungeon (12/15)            Temple (0/1) D:4            Lair (3/6) D:11
  Swamp (0/4) Lair:2        Snake (0/4) Lair:3          Orc (0/2) D:11
Gauntlet (1/1)

Altars:
Ashenzari
Elyvilon
Gozag
Hepliaklqana
Makhleb
Okawaru
Trog
Uskayaw
Vehumet
Zin
The Shining One

Shops:
D:7 (*

Annotations:
Gauntlet 9 transporters, 2 runed translucent doors


Innate Abilities, Weirdness & Mutations

((You are quick and stealthy near water. (Stealth+, EV+, Speed+++)))
Your lower body shifts to a powerful aquatic tail in water.


Message History

The jumping spider closely misses you.
The entropy weaver hits you but does no damage.
The entropy weaver misses you.
The entropy weaver hits you but does no damage. x2
The wolf spider hits you but does no damage.
The wolf spider bites you. The jumping spider pounces on you!
The jumping spider barely misses you.
You closely miss the entropy weaver.
The entropy weaver is almost dead.
The wolf spider barely misses you. The wolf spider bites you.
The entropy weaver hits you but does no damage. x2
The entropy weaver hits you. The entropy weaver hits you!
The jumping spider pounces on you but does no damage.
The jumping spider completely misses you.
The wolf spider closely misses you. The wolf spider bites you.
The entropy weaver closely misses you.
The entropy weaver hits you but does no damage.
The entropy weaver hits you. The entropy weaver barely misses you.
The jumping spider misses you.
The jumping spider bites you but does no damage.
You hit the entropy weaver.
The entropy weaver is almost dead.
You kill the entropy weaver!
The wolf spider hits you but does no damage.
The wolf spider completely misses you.
The jumping spider leaps!
The wolf spider hits you!
* * * LOW HITPOINT WARNING * * *
The wolf spider bites you but does no damage.
Your base Polearms skill increases to level 14!
You closely miss the wolf spider.
The wolf spider hits you but does no damage.
The wolf spider bites you but does no damage.
The jumping spider pounces on you!
* * * LOW HITPOINT WARNING * * *
You are caught in a web!
The jumping spider bites you.
* * * LOW HITPOINT WARNING * * *
The wolf spider hits you.
* * * LOW HITPOINT WARNING * * *
The wolf spider bites you!
You die...

##...#..^#§#...#...########
#≈...#..#..^#..#...#.......
##...#.##.s.##.#####.####..
#≈...#$^##.#..##...#)#..†#.
##.8.#©.#^©^...#§8©#©#.©.#u
#≈...#=^##.#..##...#.#...#.
##...#[##...##°#####..####.
#≈...#..#ss°#..#...#.......
##...#...#@#...#...########
#≈...###########...........
##...............8.....8...
#§.8......8................
##...............#≈#≈#≈#≈#≈
##≈#≈#≈#≈#§#≈#§###########
###############


You could see a wolf spider and 2 jumping spiders.

Vanquished Creatures
  2 ghost moths (Lair:1)
  An entropy weaver (Gauntlet)
  A great orb of eyes (Gauntlet)
  A two-headed ogre (D:11)
  3 death yaks
  Pikel (D:4)
  2 ugly things (Gauntlet)
  A manticore (D:9)
  4 cane toads
  2 komodo dragons (Lair:2)
  2 polar bears
  Grinder (D:4)
  A hornet (D:9)
  Sigmund (D:4)
  33 yaks
  A vampire (D:11)
  A wyvern (D:8)
  A wraith (D:11)
  2 steam dragons
  4 vampire mosquitoes
  3 swamp worms (Lair:2)
  A water moccasin (Lair:1)
  Duvessa (D:5)
  3 swamp drakes (Lair:1)
  6 orc warriors
  2 black bears
  2 necrophages (D:9)
  2 ogres
  6 centaurs
  A phantom (D:4)
  3 kobold brigands
  4 bullfrogs
  4 scorpions
  A wyvern skeleton (D:6)
  13 killer bees
  Dowan (D:5)
  2 wights (D:9)
  6 howler monkeys
  5 electric eels
  A crimson imp (D:4)
  3 centaur zombies
  3 gnoll shamans
  5 orc priests
  2 jellies (D:6)
  2 hounds
  14 orc wizards
  A scorpion zombie (D:5)
  6 hell rats (Lair:3)
  A killer bee zombie (D:9)
  A howler monkey zombie (D:9)
  14 gnolls
  8 adders
  3 white imps
  2 ufetubi (D:5)
  A dart slug (D:1)
  35 orcs
  5 endoplasms
  3 giant cockroaches
  7 goblins
  A hobgoblin (D:3)
  5 jackals
  6 quokkas
  9 ball pythons
  7 bats
  3 frilled lizards
  21 kobolds
  7 rats
307 creatures vanquished.

Vanquished Creatures (others)
  6 fungi
  8 plants
  5 withered plants (D:9)
19 creatures vanquished.

Grand Total: 326 creatures vanquished

Notes
Turn   | Place    | Note
-------+----------+-------------------------------------------
     0 | D:1      | mandarbmax the Merfolk Gladiator began the quest for the
                  | Orb.
     0 | D:1      | Reached XP level 1. HP: 16/16 MP: 1/1
   122 | D:1      | Reached XP level 2. HP: 12/22 MP: 2/2
   128 | D:1      | Reached skill level 5 in Polearms
   791 | D:1      | Found a faded altar of an unknown god.
   948 | D:1      | Reached XP level 3. HP: 27/27 MP: 3/3
  1329 | D:2      | Found a broken altar of Ashenzari.
  1532 | D:2      | Reached skill level 6 in Polearms
  2128 | D:2      | Became a worshipper of Ashenzari the Shackled
  2389 | D:3      | Reached XP level 4. HP: 33/33 MP: 4/4
  2624 | D:3      | Found a hazy altar of Hepliaklqana.
  2803 | D:4      | Reached skill level 5 in Dodging
  2808 | D:4      | Reached skill level 7 in Polearms
  2808 | D:4      | Reached XP level 5. HP: 33/38 MP: 5/5
  2858 | D:4      | Noticed Sigmund
  2864 | D:4      | Learned a level 3 spell: Ozocubu's Armour
  2915 | D:4      | Noticed a phantom
  2933 | D:4      | Killed a phantom
  3063 | D:4      | Killed Sigmund
  3064 | D:4      | Reached skill level 8 in Polearms
  3064 | D:4      | Reached XP level 6. HP: 24/44 MP: 6/6
  3275 | D:4      | Reached skill level 9 in Polearms
  3327 | D:4      | Reached XP level 7. HP: 13/50 MP: 7/7
  3590 | D:4      | Found a staircase to the Ecumenical Temple.
  3921 | D:4      | Noticed Grinder
  3926 | D:4      | Paralysed by Grinder for 3 turns
  3956 | D:4      | Paralysed by Grinder for 5 turns
  3970 | D:4      | Paralysed by Grinder for 7 turns
  3995 | D:4      | Killed Grinder
  3996 | D:4      | Reached skill level 10 in Polearms
  4457 | D:4      | Noticed Pikel
  4460 | D:4      | Killed Pikel
  4461 | D:4      | Reached skill level 11 in Polearms
  4461 | D:4      | Reached XP level 8. HP: 56/56 MP: 8/8
  4502 | D:4      | Identified the cursed +0 pair of boots "Augurer of
                  | Ashenzari" {Alch, Melee} (You found it on level 3 of the
                  | Dungeon)
  4608 | D:5      | Entered Level 5 of the Dungeon
  4646 | D:5      | Reached * piety under Ashenzari
  4687 | D:5      | Reached skill level 12 in Polearms
  4884 | D:5      | Noticed Duvessa
  4884 | D:5      | Noticed Dowan
  4918 | D:5      | Killed Dowan
  4933 | D:5      | Killed Duvessa
  5567 | D:5      | Reached ** piety under Ashenzari
  6083 | D:6      | Reached XP level 9. HP: 61/61 MP: 9/9
  6328 | D:6      | Reached skill level 10 in Dodging
  6328 | D:6      | Reached skill level 1 in Ice Magic
  6549 | D:6      | Found a bloodstained altar of Trog.
  6549 | D:6      | Found an iron altar of Okawaru.
  6651 | D:6      | Found a white marble altar of Elyvilon.
  6651 | D:6      | Found a glowing golden altar of the Shining One.
  6651 | D:6      | Found a glowing silver altar of Zin.
  7116 | D:7      | Found Xuase's Antique Weapon Shop.
  7428 | D:7      | Found Zuwnodd's General Store.
  7430 | D:7      | Found Zabiacea's Book Shop.
  7444 | D:7      | Bought a scroll of fog for 32 gold pieces
  7444 | D:7      | Bought a potion of mutation for 128 gold pieces
  7894 | D:7      | Reached *** piety under Ashenzari
  8765 | D:8      | Found an opulent altar of Gozag.
  8845 | D:8      | Found a radiant altar of Vehumet.
  8888 | D:8      | Found a burning altar of Makhleb.
  8888 | D:8      | Found a hide-covered altar of Uskayaw.
  8945 | D:9      | Noticed a manticore
  8954 | D:9      | Killed a manticore
  8955 | D:9      | Reached skill level 5 in Fighting
  8961 | D:9      | Reached XP level 10. HP: 74/74 MP: 7/10
  9079 | D:9      | Reached skill level 5 in Ice Magic
 10183 | D:9      | Reached skill level 1 in Evocations
 10426 | D:10     | Entered Level 10 of the Dungeon
 11105 | D:11     | Noticed a death yak
 11107 | D:11     | Noticed a death yak
 11113 | D:11     | Noticed a death yak
 11135 | D:10     | Killed a death yak
 11324 | D:11     | Reached XP level 11. HP: 78/86 MP: 11/11
 11976 | D:11     | Reached skill level 5 in Evocations
 11983 | D:11     | Killed a death yak
 11984 | D:11     | Killed a death yak
 12092 | D:11     | Found a staircase to the Lair.
 12752 | D:11     | Noticed a two-headed ogre
 12814 | D:11     | Killed a two-headed ogre
 13366 | D:11     | Reached skill level 10 in Fighting
 13401 | D:11     | Found a staircase to the Orcish Mines.
 13501 | Lair:1   | Entered Level 1 of the Lair of Beasts
 13501 | Lair:1   | Identified a scroll of acquirement
 13608 | D:7      | Acquired a +6 bardiche of protection
 13998 | D:11     | Learned a level 6 spell: Shadow Creatures
 14222 | Lair:1   | Noticed an eight-headed hydra
 14260 | D:11     | Reached skill level 1 in Summonings
 14988 | Lair:1   | Noticed an eight-headed hydra
 15030 | Lair:1   | Noticed a ghost moth
 15030 | Lair:1   | an eight-headed hydra changed into a ghost moth
 15036 | Lair:1   | Killed a ghost moth
 15037 | Lair:1   | Reached XP level 12. HP: 48/97 MP: 1/12
 15400 | Lair:1   | Noticed a ghost moth
 15400 | Lair:1   | an eight-headed hydra changed into a ghost moth
 15407 | Lair:1   | Killed a ghost moth
 15408 | Lair:1   | Reached skill level 5 in Summonings
 15988 | Lair:2   | Reached skill level 1 in Armour
 16384 | Lair:2   | Reached skill level 13 in Polearms
 17071 | Lair:2   | Found a staircase to the Swamp.
 17394 | Lair:3   | Found a gate leading to a gauntlet.
 17414 | Gauntlet | Entered a Gauntlet
 17414 | Gauntlet | Found a transporter.
 17423 | Gauntlet | Found a transporter.
 17424 | Gauntlet | Found a runed translucent door.
 17437 | Gauntlet | Found a runed translucent door.
 17439 | Gauntlet | Found a transporter.
 17443 | Gauntlet | Found a transporter.
 17446 | Gauntlet | Noticed a death scarab
 17446 | Gauntlet | Noticed a death scarab
 17455 | Gauntlet | Found a transporter.
 17473 | Gauntlet | Found a transporter.
 17475 | Gauntlet | Noticed a five-headed hydra
 17478 | Gauntlet | Found a transporter.
 17482 | Gauntlet | Found a transporter.
 17505 | Gauntlet | Found a transporter.
 17516 | Gauntlet | Noticed an entropy weaver
 17525 | Gauntlet | Found a transporter.
 17529 | Gauntlet | Found a transporter.
 17530 | Gauntlet | Noticed a great orb of eyes
 17537 | Gauntlet | Found a transporter.
 17581 | Gauntlet | Killed a great orb of eyes
 17882 | Gauntlet | Killed an entropy weaver
 17883 | Gauntlet | Reached skill level 14 in Polearms
 17883 | Gauntlet | HP: 2/97 [wolf spider (4)]
 17883 | Gauntlet | Slain by a wolf spider

Illustrated notes

Levels and vault maps discovered:
D:1:      dpeg_arrival_ratfight, layout_loops_ring, basic_ecumenical_altar
D:2:      layout_loops_corners, basic_altar
D:3:      layout_rooms, mainiacjoe_overflow_small_starburst, minmay_diced_spiral
D:4:      layout_rooms, minmay_temple_entry_butterflies, minmay_fire_ice_demons,
          uniq_grinder, uniq_sigmund, uniq_pikel
D:5:      layout_basic, serial_glass, glass_columns_b, glass_columns_c,
          kennysheep_generic_room_11, uniq_duvessa
D:6:      layout_gridville, good_gods_mini_temple,
          grunt_temple_overflow_bloody_war
D:7:      layout_basic, nicolae_wooded_promenade
D:8:      layout_rooms, nicolae_gozag_cash_rules_everything_around_me,
          gammafunk_temple_overflow_forgotten
D:9:      layout_basic, serial_undead, serial_undead_c, serial_undead_e,
          serial_undead_f, serial_undead_c, glass_columns_b, nrook_uturn
D:10:     layout_rooms, minmay_misc_feat_five, kennysheep_small_spiral
D:11:     layout_rooms, dpeg_lair_monsters, erik_orc_2
D:12:     layout_roguey, minmay_misc_feat_x, nicolae_lava_and_water,
          lightli_church_of_beogh, uniq_josephine
Lair:1:   layout_small_grid, pond
Lair:2:   layout_regular_city, nicolae_swamp_entry_splash_gauntlet, st_stairs_7,
          amcnicky_mini_pool_medium
Lair:3:   layout_gridlike, dummy_snake_entry, gauntlet_entry_generic,
          chequers_serial_rivers_large_b
Gauntlet: minmay_gauntlet_mixed_oops_all_seconds [minmay_gauntlet_arena_77_box,
          gammafunk_gauntlet_arena_split_x, minmay_gauntlet_arena_77_cramped,
          gammafunk_gauntlet_arena_chambers, minmay_gauntlet_arena_77_mess,
          nicolae_gauntlet_arena_blocks, nicolae_gauntlet_exit_dead_adventurers]

Skill      XL: |  1  2  3  4  5  6  7  8  9 10 11 12 |
---------------+-------------------------------------+-----
Polearms       | 5 6 7 8 9 11 12 14 | 14.0
Dodging        | 5 6 8 9 11 12 13 | 13.4
Ice Magic      | 4 6 |  6.1
Fighting       | 5 8 10 | 10.0
Evocations     | 4 8 |  8.0
Summonings     | 4 7 |  7.6
Armour         | 3 |  3.7
Throwing       | |  2.0

Action                   |  1- 3 |  4- 6 |  7- 9 | 10-12 || total
-------------------------+-------+-------+-------+-------++-------
Melee: Trident           |   118 |   102 |   415 |   549 ||  1184
       Punch             |       |       |     1 |     3 ||     4
       Bardiche          |       |       |       |   205 ||   205
       Tailslap          |       |       |       |    23 ||    23
Throw: Dart              |       |     7 |       |       ||     7
       Boomerang         |       |       |    51 |    90 ||   141
       Throwing net      |       |       |     3 |       ||     3
 Cast: Ozocubu's Armour  |       |       |     3 |    33 ||    36
Invok: Curse Item        |       |     1 |     4 |     1 ||     6
       Shatter the Chain |       |       |       |     2 ||     2
Evoke: Wand              |       |     6 |    10 |    15 ||    31
       Phantom mirror    |       |       |       |     1 ||     1
  Use: Potion            |       |     1 |     4 |     5 ||    10
       Scroll            |       |       |       |     8 ||     8
 Stab: Sleeping          |     3 |     1 |       |       ||     4
       Invisible         |       |       |     5 |       ||     5
       Distracted        |       |       |       |     1 ||     1
Armor: Leather armour    |    19 |    30 |    22 |       ||    71
       Ring mail         |       |       |    71 |   234 ||   305
Dodge: Dodged            |    48 |    49 |   218 |   505 ||   820

Table legend: (Time is in decaauts)
 A = Elapsed time spent in this place.
 B = Non-inter-level travel time spent in this place.
 C = Inter-level travel time spent in this place.
 D = Time resting spent in this place.
 E = Time spent auto-exploring this place.
 F = Levels seen in this place.
 G = Mean time per level.
                   A        B        C        D        E       F      G
               +--------+--------+--------+--------+--------+-----+--------+
         Total |  17562 |  16882 |    680 |   4656 |   9735 |  16 | 1097.6 |
       Dungeon |  13840 |  13244 |    596 |   3656 |   7767 |  12 | 1153.3 |
          Lair |   3247 |   3164 |     83 |    744 |   1824 |   3 | 1082.3 |
      Gauntlet |    474 |    474 |      0 |    256 |    143 |   1 |  474.0 |
               +--------+--------+--------+--------+--------+-----+--------+

Top non-repeatable levels by time:
    D:11: 2664 daAuts
     D:4: 2011 daAuts
  Lair:1: 1790 daAuts
     D:9: 1412 daAuts
     D:7: 1378 daAuts
  Lair:2: 1218 daAuts
     D:5: 1197 daAuts
     D:2: 1108 daAuts
     D:1: 1071 daAuts
    D:10: 844 daAuts
     D:6: 824 daAuts
     D:8: 709 daAuts
     D:3: 615 daAuts
Gauntlet: 474 daAuts
  Lair:3: 238 daAuts
